SKY
LOS ANGELES DODGERS @ DETROIT TIGERS
07/09/2052
 
TOP OF THE 1ST
Los Angeles Dodgers batting - Pitching for Detroit Tigers : RHP Hadley Scott
Pitching: RHP Hadley Scott
Batting: RHB Noah Summerville 0-0: Ball
1-0: Called Strike
1-1: Fly out, F7 (Flyball, 7, EV 98.8 MPH)
Batting: SHB Kevin Tanaka 0-0: Foul Ball, location: 3F
0-1: SINGLE (Line Drive, 6MD, EV 109.4 MPH)
Batting: LHB Trent Veasey 0-0: Ball
1-0: Swinging Strike
1-1: Ball
2-1: Foul Ball, location: 3FF
2-2: Ball
3-2: Foul Ball, location: 2F
3-2: SINGLE (Groundball, 6M, EV 102.5 MPH)
Kevin Tanaka to second
Runner from 2nd tries for 3rd, SAFE, no throw by CF
Batting: RHB Storm Ellis 0-0: Ball
1-0: Fielders Choice at 2nd, 4-6 (Groundball, 4, EV 93.8 MPH)
Kevin Tanaka scores
Batting: LHB Kerry Pietrzak 0-0: Ball
1-0: Swinging Strike
1-1: Foul Ball, location: 2F
1-2: Ball
2-2: Fly out, F3 (Popup, 3SF, EV 80.0 MPH)
Top of the 1st over - 1 run, 2 hits, 0 errors, 1 left on base; Los Angeles 1 - Detroit 0
BOTTOM OF THE 1ST
Detroit Tigers batting - Pitching for Los Angeles Dodgers : LHP Liam Allen
Pitching: LHP Liam Allen
Batting: LHB Jim Harvill 0-0: Ball
1-0: Ball
2-0: SINGLE (Groundball, 34D, EV 106.3 MPH)
Batting: RHB Kyle Garette 0-0: Foul Ball, location: 2F
0-1: DOUBLE (Line Drive, 89M, EV 108.1 MPH)
Jim Harvill to third
Runner from 3rd tries for Home, SAFE, no throw by CF
Batting: SHB Carlos Vargas 0-0: Ball
1-0: Ball
2-0: Foul Ball, location: 7LMF
2-1: Ball
3-1: SINGLE (Line Drive, 6M, EV 98.8 MPH)
Kyle Garette to third
Batting: LHB Verrell Vander Mark 0-0: Swinging Strike
0-1: Called Strike
0-2: Ball
1-2: Strikes out looking
Batting: LHB Sebastian Ontiveros 0-0: Ball
1-0: Swinging Strike
1-1: Grounds into double play, 4-6-3 (Groundball, 34, EV 78.1 MPH)
Bottom of the 1st over - 1 run, 3 hits, 0 errors, 1 left on base; Los Angeles 1 - Detroit 1
TOP OF THE 2ND
Los Angeles Dodgers batting - Pitching for Detroit Tigers : RHP Hadley Scott
Batting: RHB Isaac Joseph 0-0: Ball
1-0: Called Strike
1-1: SOLO HOME RUN (Flyball, 7D, EV 98.8 MPH), Distance : 383 ft
Batting: RHB Everson Alberto 0-0: Ball
1-0: Foul Ball, location: 5DF
1-1: Called Strike
1-2: Foul Ball, location: 2F
1-2: Foul Ball, location: 5FF
1-2: Ball
2-2: Ball
3-2: Base on Balls
Batting: LHB Andrew Sibold 0-0: Ball
1-0: Ball
2-0: Foul Ball, location: 23F
2-1: Foul Ball, location: 2F
2-2: Fielders Choice at 2nd, 6-4 (Groundball, 6, EV 90.0 MPH)
Batting: SHB Logan Begin 0-0: Called Strike
0-1: Foul Ball, location: 2F
0-2: Fly out, F9 (Flyball, 9LMF, EV 91.3 MPH)
Batting: RHB Noah Summerville 0-0: Ball
1-0: Swinging Strike
1-1: Foul Ball, location: 2LF
1-2: Foul Ball, location: 9LSF
1-2: Strikes out swinging
Top of the 2nd over - 1 run, 1 hit, 0 errors, 1 left on base; Los Angeles 2 - Detroit 1
BOTTOM OF THE 2ND
Detroit Tigers batting - Pitching for Los Angeles Dodgers : LHP Liam Allen
Batting: RHB Diego Ruiz 0-0: Ball
1-0: Fly out, F7 (Flyball, 7LD, EV 90.0 MPH)
Batting: RHB Voodoo Bass 0-0: Fly out, F7 (Line Drive, 7, EV 98.8 MPH)
Batting: RHB Zaiden Parker 0-0: Ball
1-0: Called Strike
1-1: Ground out 5-3 (Groundball, 5, EV 86.9 MPH)
Bottom of the 2nd over - 0 runs, 0 hits, 0 errors, 0 left on base; Los Angeles 2 - Detroit 1
TOP OF THE 3RD
Los Angeles Dodgers batting - Pitching for Detroit Tigers : RHP Hadley Scott
Batting: SHB Kevin Tanaka 0-0: Foul Ball, location: 3SF
0-1: Ball
1-1: Swinging Strike
1-2: Strikes out looking
Batting: LHB Trent Veasey 0-0: Ball
1-0: Ball
2-0: Called Strike
2-1: Foul Ball, location: 2F
2-2: Foul Ball, location: 7LSF
2-2: Foul Ball, location: 5F
2-2: Ball
3-2: Ground out 4-3 (Groundball, 4, EV 76.9 MPH)
Batting: RHB Storm Ellis 0-0: Called Strike
0-1: Ball
1-1: Foul Ball, location: 2F
1-2: Ball
2-2: Strikes out swinging
Top of the 3rd over - 0 runs, 0 hits, 0 errors, 0 left on base; Los Angeles 2 - Detroit 1
BOTTOM OF THE 3RD
Detroit Tigers batting - Pitching for Los Angeles Dodgers : LHP Liam Allen
Batting: LHB Will Dishman 0-0: Ball
1-0: Foul Ball, location: 7LMF
1-1: Swinging Strike
1-2: Ball
2-2: SINGLE (Groundball, 6MD, EV 96.3 MPH)
Batting: LHB Jim Harvill 0-0: Swinging Strike
0-1: Swinging Strike
0-2: Strikes out swinging
Batting: RHB Kyle Garette 0-0: SINGLE (Groundball, 6MD, EV 96.9 MPH)
Will Dishman to second
Batting: SHB Carlos Vargas 0-0: Ball
1-0: Called Strike
1-1: Foul Ball, location: 5DF
1-2: Ball
2-2: Strikes out swinging
Batting: LHB Verrell Vander Mark 0-0: Ball
1-0: Foul Ball, location: 2F
1-1: Ball
2-1: Foul Ball, location: 25F
2-2: Ball
3-2: Strikes out swinging
Bottom of the 3rd over - 0 runs, 2 hits, 0 errors, 2 left on base; Los Angeles 2 - Detroit 1
TOP OF THE 4TH
Los Angeles Dodgers batting - Pitching for Detroit Tigers : RHP Hadley Scott
Batting: LHB Kerry Pietrzak 0-0: Called Strike
0-1: Ball
1-1: Ball
2-1: Foul Ball, location: 25F
2-2: Foul Ball, location: 2F
2-2: Foul Ball, location: 23FF
2-2: Ball
3-2: SINGLE (Groundball, 13, EV 84.4 MPH) (infield hit)
Batting: RHB Isaac Joseph 0-0: Called Strike
0-1: Swinging Strike
0-2: Ball
Passed Ball!
Kerry Pietrzak to second
1-2: Ball
2-2: Ball
3-2: Ground out U3 (Groundball, 3S, EV 85.0 MPH)
Kerry Pietrzak to third
Batting: RHB Everson Alberto 0-0: Ball
1-0: Ball
2-0: Foul Ball, location: 2F
2-1: Foul Ball, location: 9LSF
2-2: Ball
3-2: Fly out, F9 (Flyball, 9, EV 81.3 MPH)
Runner from 3rd tags up, SCORES, throw by RF
Batting: LHB Andrew Sibold 0-0: Foul Ball, location: 2F
0-1: Foul Ball, location: 7LMF
0-2: Strikes out swinging
Top of the 4th over - 1 run, 1 hit, 0 errors, 0 left on base; Los Angeles 3 - Detroit 1
BOTTOM OF THE 4TH
Detroit Tigers batting - Pitching for Los Angeles Dodgers : LHP Liam Allen
Batting: LHB Sebastian Ontiveros 0-0: Ball
1-0: Swinging Strike
1-1: Ball
2-1: Ground out 6-3 (Groundball, 6M, EV 86.9 MPH)
Batting: RHB Diego Ruiz 0-0: Called Strike
0-1: Ball
1-1: Called Strike
1-2: Fly out, F8 (Flyball, 89D, EV 110.6 MPH)
Batting: RHB Voodoo Bass 0-0: SINGLE (Groundball, 6MD, EV 101.9 MPH)
Batting: RHB Zaiden Parker 0-0: Ball
1-0: Swinging Strike
1-1: Called Strike
1-2: SINGLE (Line Drive, 7S, EV 99.4 MPH)
Voodoo Bass to second
Batting: LHB Will Dishman 0-0: Foul Ball, location: 5SF
0-1: Foul Ball, location: 2F
0-2: Foul Ball, location: 3FF
0-2: Ball
1-2: Strikes out swinging
Bottom of the 4th over - 0 runs, 2 hits, 0 errors, 2 left on base; Los Angeles 3 - Detroit 1
TOP OF THE 5TH
Los Angeles Dodgers batting - Pitching for Detroit Tigers : RHP Hadley Scott
Batting: SHB Logan Begin 0-0: Swinging Strike
0-1: Swinging Strike
0-2: Strikes out looking
Batting: RHB Noah Summerville 0-0: Ball
1-0: Fly out, F8 (Line Drive, 78M, EV 110.0 MPH)
Pitching: RHP Jason Lamar
Batting: SHB Kevin Tanaka 0-0: DOUBLE (Flyball, 78D, EV 105.6 MPH)
Batting: LHB Trent Veasey 0-0: Ball
Kevin Tanaka steals 3rd base
1-0: Ball
2-0: Foul Ball, location: 7LMF
2-1: Foul Ball, location: 2F
2-2: Foul Ball, location: 5F
2-2: Ground out U3 (Groundball, 3L, EV 80.0 MPH)
Top of the 5th over - 0 runs, 1 hit, 0 errors, 1 left on base; Los Angeles 3 - Detroit 1
BOTTOM OF THE 5TH
Detroit Tigers batting - Pitching for Los Angeles Dodgers : LHP Liam Allen
Batting: LHB Jim Harvill 0-0: Called Strike
0-1: Ball
1-1: SINGLE (Groundball, 4MD, EV 96.9 MPH)
Batting: RHB Kyle Garette 0-0: Ball
1-0: Called Strike
1-1: Foul Ball, location: 9LSF
1-2: Ball
2-2: Ball
3-2: Foul Ball, location: 3SF
3-2: Ground out 5-3 (Groundball, 56, EV 89.4 MPH)
Jim Harvill to second
Batting: SHB Carlos Vargas 0-0: Foul Ball, location: 2LF
0-1: DOUBLE (Line Drive, 89XD, EV 108.1 MPH)
Jim Harvill scores
Batting: LHB Verrell Vander Mark 0-0: Ball
1-0: Called Strike
1-1: Hit by Pitch
Batting: LHB Sebastian Ontiveros 0-0: Called Strike
0-1: Ball
1-1: Ball
2-1: Fly out, F7 (Line Drive, 78S, EV 86.9 MPH)
Lined into DP, 7-4 (Line Drive, 78S, EV 86.9 MPH)
Bottom of the 5th over - 1 run, 2 hits, 0 errors, 1 left on base; Los Angeles 3 - Detroit 2
TOP OF THE 6TH
Los Angeles Dodgers batting - Pitching for Detroit Tigers : RHP Jason Lamar
Batting: RHB Storm Ellis 0-0: Fly out, F4 (Popup, 4M, EV 68.1 MPH)
Batting: LHB Kerry Pietrzak 0-0: Called Strike
0-1: Ball
1-1: Ball
2-1: Ball
3-1: Base on Balls
Batting: RHB Isaac Joseph 0-0: Called Strike
0-1: Ball
1-1: Fly out, F7 (Flyball, 7, EV 93.8 MPH)
Batting: RHB Everson Alberto 0-0: Ball
1-0: Foul Ball, location: 9LSF
1-1: Ball
2-1: Swinging Strike
2-2: Foul Ball, location: 7LDF
Balk!
Kerry Pietrzak to second
2-2: Ball
3-2: Foul Ball, location: 5F
3-2: SINGLE (Line Drive, 4M, EV 99.4 MPH)
Kerry Pietrzak to third
Runner from 3rd tries for Home, SAFE, throw by CF to home
Batting: LHB Andrew Sibold 0-0: SINGLE (Line Drive, 89S, EV 103.8 MPH)
Everson Alberto to second
Runner from 2nd tries for 3rd, SAFE, throw by RF made to third
Batting: SHB Logan Begin 0-0: Swinging Strike
0-1: Fly out, F5 (Popup, 5D, EV 50.6 MPH)
Top of the 6th over - 1 run, 2 hits, 0 errors, 2 left on base; Los Angeles 4 - Detroit 2
BOTTOM OF THE 6TH
Detroit Tigers batting - Pitching for Los Angeles Dodgers : LHP Liam Allen
Batting: RHB Diego Ruiz 0-0: Ball
1-0: Ball
2-0: Ball
3-0: Called Strike
3-1: Swinging Strike
3-2: Foul Ball, location: 2F
3-2: Base on Balls
Pitching: RHP Scott McKinnis
Batting: RHB Voodoo Bass 0-0: Ball
1-0: Called Strike
Diego Ruiz steals 2nd base
1-1: Called Strike
1-2: Ball
2-2: Foul Ball, location: 9LSF
2-2: Strikes out swinging
Batting: RHB Zaiden Parker 0-0: DOUBLE (Groundball, 5L, EV 101.9 MPH)
Diego Ruiz scores
Batting: LHB Will Dishman 0-0: Ground out U3 (Groundball, 3L, EV 95.0 MPH)
Zaiden Parker to third
Batting: LHB Jim Harvill 0-0: Called Strike
0-1: Foul Ball, location: 7LDF
0-2: Strikes out swinging
Bottom of the 6th over - 1 run, 1 hit, 0 errors, 1 left on base; Los Angeles 4 - Detroit 3
TOP OF THE 7TH
Los Angeles Dodgers batting - Pitching for Detroit Tigers : RHP Jason Lamar
Batting: RHB Noah Summerville 0-0: Called Strike
0-1: Foul Ball, location: 2F
0-2: Fly out, F9 (Flyball, 9D, EV 92.5 MPH)
Batting: SHB Kevin Tanaka 0-0: Ball
1-0: Ball
2-0: Called Strike
2-1: Foul Ball, location: 7LMF
2-2: Ball
3-2: Foul Ball, location: 5F
3-2: Ground out 3-1 (Groundball, 34S, EV 83.8 MPH)
Batting: LHB Trent Veasey 0-0: Called Strike
0-1: Ball
1-1: Ball
2-1: Ball
3-1: SOLO HOME RUN (Flyball, 9D, EV 96.9 MPH), Distance : 362 ft
Batting: RHB Storm Ellis 0-0: Ball
1-0: Foul Ball, location: 2F
1-1: Swinging Strike
1-2: Foul Ball, location: 9LSFF
1-2: Ball
2-2: Foul Ball, location: 25FF
2-2: SINGLE (Flyball, 34D, EV 98.8 MPH)
Pitching: LHP Woodie Blackman
Batting: LHB Kerry Pietrzak 0-0: Called Strike
0-1: Swinging Strike
0-2: Ball
1-2: Strikes out looking
Top of the 7th over - 1 run, 2 hits, 0 errors, 1 left on base; Los Angeles 5 - Detroit 3
BOTTOM OF THE 7TH
Detroit Tigers batting - Pitching for Los Angeles Dodgers : RHP Scott McKinnis
Batting: RHB Kyle Garette 0-0: Called Strike
0-1: Ball
1-1: Called Strike
1-2: Ground out 4-3 (Groundball, 4S, EV 85.6 MPH)
Batting: SHB Carlos Vargas 0-0: SINGLE (Groundball, 56, EV 88.8 MPH)
Pitching: LHP Woodrow Buckmaster
Batting: LHB Verrell Vander Mark 0-0: Ball
1-0: Swinging Strike
1-1: Ball
2-1: Foul Ball, location: 2F
2-2: Ball
3-2: Strikes out swinging
Batting: LHB Sebastian Ontiveros 0-0: Ball
1-0: Ball
2-0: Called Strike
2-1: Fielders Choice at 2nd, 6-4 (Groundball, 56, EV 106.9 MPH)
Bottom of the 7th over - 0 runs, 1 hit, 0 errors, 1 left on base; Los Angeles 5 - Detroit 3
TOP OF THE 8TH
Los Angeles Dodgers batting - Pitching for Detroit Tigers : LHP Woodie Blackman
Pitching: RHP Lou Clayton
Batting: RHB Isaac Joseph 0-0: Called Strike
0-1: Ball
1-1: Ground out 4-3 (Groundball, 34D, EV 96.3 MPH)
Batting: RHB Everson Alberto 0-0: Swinging Strike
0-1: Foul Ball, location: 2F
0-2: Ball
1-2: Ball
2-2: Strikes out swinging
Batting: LHB Andrew Sibold 0-0: SINGLE (Line Drive, 9LS, EV 97.5 MPH)
Batting: SHB Logan Begin 0-0: Ground out 1-3 (Groundball, 15S, EV 65.0 MPH)
Top of the 8th over - 0 runs, 1 hit, 0 errors, 1 left on base; Los Angeles 5 - Detroit 3
BOTTOM OF THE 8TH
Detroit Tigers batting - Pitching for Los Angeles Dodgers : LHP Woodrow Buckmaster
Now at 3B: Jorge De La Paz
Batting: RHB Diego Ruiz 0-0: Foul Ball, location: 2F
0-1: Foul Ball, location: 25F
0-2: Foul Ball, location: 5F
0-2: Foul Ball, location: 7LDF
0-2: Ball
1-2: Ball
2-2: SINGLE (Groundball, 2L, EV 66.9 MPH) (infield hit)
Batting: RHB Voodoo Bass 0-0: Ball
1-0: 2-RUN HOME RUN (Flyball, 7LD, EV 96.3 MPH), Distance : 364 ft
Batting: RHB Zaiden Parker 0-0: Ball
1-0: Called Strike
1-1: Ball
2-1: Foul Ball, location: 3SF
2-2: Foul Ball, location: 5F
2-2: Strikes out swinging
Pitching: LHP Markel Saud
Pinch Hitting: RHB Peter Bates 0-0: Foul Ball, location: 9LSF
0-1: Ball
1-1: Ball
2-1: Fly out, F7 (Line Drive, 78S, EV 91.3 MPH)
Batting: LHB Jim Harvill 0-0: Foul Ball, location: 5F
0-1: Ball
1-1: Fly out, F4 (Line Drive, 4, EV 75.6 MPH)
Bottom of the 8th over - 2 runs, 2 hits, 0 errors, 0 left on base; Los Angeles 5 - Detroit 5
TOP OF THE 9TH
Los Angeles Dodgers batting - Pitching for Detroit Tigers : RHP Lou Clayton
Now at 1B: Carlos Vargas
Now at 2B: Jim Harvill
Now in RF: Peter Bates
Batting: RHB Noah Summerville 0-0: SINGLE (Groundball, 6MD, EV 107.5 MPH)
Batting: SHB Kevin Tanaka 0-0: Called Strike
0-1: Ball
1-1: Called Strike
1-2: Ball
2-2: Ball
3-2: Fielders Choice at 2nd, 3-6 (Groundball, 34S, EV 81.3 MPH)
Batting: LHB Trent Veasey 0-0: Called Strike
Kevin Tanaka is caught stealing 2nd base 2-6
0-1: Foul Ball, location: 2F
0-2: Ball
1-2: Ball
2-2: Foul Ball, location: 2F
2-2: Ball
3-2: Foul Ball, location: 2RF
3-2: SOLO HOME RUN (Flyball, 89XD, EV 109.4 MPH), Distance : 430 ft
Batting: RHB Storm Ellis 0-0: Ball
1-0: Swinging Strike
1-1: Swinging Strike
1-2: Strikes out looking
Top of the 9th over - 1 run, 2 hits, 0 errors, 0 left on base; Los Angeles 6 - Detroit 5
BOTTOM OF THE 9TH
Detroit Tigers batting - Pitching for Los Angeles Dodgers : LHP Markel Saud
Pitching: RHP Aiden Cohen
Now at 2B: Anderson Burney
Now in RF: Ryker Andrade
Batting: RHB Kyle Garette 0-0: Ball
1-0: Fly out, F8 (Line Drive, 8RM, EV 94.4 MPH)
Batting: SHB Carlos Vargas 0-0: Ball
1-0: Foul Ball, location: 7LMF
1-1: Swinging Strike
1-2: Strikes out looking
Batting: LHB Verrell Vander Mark 0-0: Ball
1-0: Ball
2-0: Ball
3-0: Called Strike
3-1: Base on Balls
Batting: LHB Sebastian Ontiveros 0-0: Ball
1-0: Ball
2-0: Swinging Strike
2-1: Foul Ball, location: 2F
2-2: Strikes out swinging
Bottom of the 9th over - 0 runs, 0 hits, 0 errors, 1 left on base; Los Angeles 6 - Detroit 5
Sunday, April 28th , 2024 - OOTP Baseball 24.11 Build 85